AoeStats
← diekaiserwurst

Arabian Desert

510307524Analyzed
1v1 RM · 1d ago on Sep 30, 2026· 30m 17s· 2 players
Game mode
Random Map
Map size
Tiny (2 player)
Population
200
Speed
Normal
Resources
Standard
Victory
Conquest
Starting age
Dark Age
Ending age
Imperial Age
RankedLock teamsTeams togetherTeam positionsShared explorationLock speedFull tech treeHidden civsTurbo modeCheats
Victory
Defeat
🇦🇹 Huns · Austria
1172
+17
🇷🇴 Chinese · Romania
1201
-17
diekaiserwurst
6:17 Loom
6:28 Loom
8:58 Feudal Age
9:35 Double-Bit Axe
10:26 Man-at-Arms
12:30 Arson
17:38 Bloodlines
23:31 Castle Age
22:20 Fletching
23:01 Gold Mining
24:13 Bodkin Arrow
28:52 Scale Barding Armor
28:48 Padded Archer Armor
30:00 Thumb Ring
Mih Imperatore
0:36 Loom
11:45 Feudal Age
22:23 Double-Bit Axe
23:28 Gold Mining
24:01 Fletching
24:12 Padded Archer Armor
28:57 Castle Age
28:15 Stone Mining
Connection lost

Rejoining the realm…

Still unreachable

The connection could not be restored.

Session expired

The server has moved on; the page needs a fresh start.